 Dungeon Crawl Stone Soup version 0.32-a0-893-gf85d74f360 (webtiles) character file.

Game seed: 12138997961240453312

137 Biggs the Slasher (level 5, 0/38 HPs)
             Began as a Coglin Gladiator on Apr 3, 2024.
             Frozen to death by an endoplasm (3 damage)
             ... on level 3 of the Dungeon.
             The game lasted 00:02:49 (1561 turns).

Biggs the Slasher (Coglin Gladiator)                Turns: 1561, Time: 00:02:49

Health: 0/38       AC:  4    Str: 14    XL:     5   Next: 20%
Magic:  5/5        EV: 11    Int:  7    God:
Gold:   71         SH:  0    Dex: 18    Spells: 4/4 levels left

rFire   . . .        a - +0 long sword {Bianca}
rCold   . . .        j - +1 long sword (holy) {Mei}
rNeg    . . .        b - +0 leather armour
rPois   .            c - +0 helmet
rElec   .            (no cloak)
rCorr   .            (no gloves)
SInv    .            (no boots)
Will    .....        (amulet unavailable)
Stlth   +            (ring unavailable)
HPRegen 0.26/turn    (ring unavailable)
MPRegen 0.09/turn    (no gizmo)

%: no passive effects
@: revved
A: off-hand wielding, slow wielding, warmup strikes, no jewellery
a: Invent Gizmo


You were on level 3 of the Dungeon.
You visited 1 branch of the dungeon, and saw 3 of its levels.

You collected 71 gold pieces.

Inventory:

Hand Weapons
 a - a +0 long sword (weapon) {Bianca}
 f - a +0 dagger {Jihoo}
 j - a +1 long sword of holy wrath (offhand) {Mei}
 r - the +0 short sword of Yesterday {freeze, rF+ Dex+2}
   (You found it on level 3 of the Dungeon)

   Dex+2:     It affects your dexterity (+2).
   rF+:       It protects you from fire.
Missiles
 d - 3 throwing nets (quivered)
 e - 5 javelins
Armour
 b - a +0 leather armour (worn)
 c - a +0 helmet (worn)
Scrolls
 g - a scroll of poison {unknown}
 k - a scroll of enchant weapon {unknown}
 l - 4 scrolls of identify {unknown}
 n - 2 scrolls of amnesia {unknown}
 o - 3 scrolls of teleportation {unknown}
 s - a scroll of torment {unknown}
 t - a scroll of noise {unknown}
Potions
 h - 2 potions of lignification {unknown}
 i - 2 potions of might {unknown}
 m - a potion of brilliance {unknown}
 p - a potion of heal wounds {unknown}
 q - a potion of curing {unknown}
 u - a potion of enlightenment {unknown}


   Skills:
 - Level 2.0 Fighting
 + Level 5.7 Long Blades
 - Level 1.7 Throwing
 - Level 2.6 Dodging


You had 4 spell levels left.
You didn't know any spells.
Your spell library contained the following spells:

 Spells                   Type           Power      Damage    Failure   Level
 Call Imp                 Summ           0%         N/A       65%         2
 Sublimation of Blood     Necr           0%         N/A       65%         2
 Summon Hydra             Summ           0%         N/A       100%        7


Dungeon Overview and Level Annotations

Branches:
Dungeon (3/15)

Altars:
Sif Muna


Innate Abilities, Weirdness & Mutations

You can wield a second weapon in your off-hand.
It takes a long time for you to wield or remove held weapons.
Your first few attacks do less damage.
You cannot equip rings or amulets.


Message History

The gnoll barely misses you.
Unknown command.
You completely miss the gnoll with your +1 long sword of holy wrath.
The gnoll is heavily wounded.
You completely miss the gnoll with your +0 long sword.
The gnoll misses you.
Unknown command.
You slash the gnoll with your +1 long sword of holy wrath!
You kill the gnoll!
The gnoll hits you from afar with a +0 spear!
The endoplasm barely misses you.
Unknown command.
You closely miss the gnoll with your +1 long sword of holy wrath.
You hit the gnoll with your +0 long sword.
The gnoll hits you from afar with a +0 spear.
The endoplasm freezes you.
You are frozen.
The endoplasm barely misses you. The gnoll hits you but does no damage.
The gnoll hits you from afar with a +0 spear!
* * * LOW HITPOINT WARNING * * *
The gnoll hits you but does no damage.
A hobgoblin comes into view.
The endoplasm barely misses you.
The endoplasm hits you but does no damage.
You are too injured to fight recklessly!
Unknown command.
You are too injured to fight recklessly!
Unknown command.
You slash the gnoll with your +0 long sword!
The gnoll is almost dead.
You hit the gnoll but do no damage.
The gnoll hits you from afar with a +0 spear.
* * * LOW HITPOINT WARNING * * *
The gnoll hits you but does no damage. The endoplasm freezes you.
You are frozen.
* * * LOW HITPOINT WARNING * * *
The endoplasm freezes you.
You are frozen.
You die...

...................##
......................##
......................#
.....................†##
......................##
......................#.
........................
.g.....)..$............#
.....gJ@...............#
......Jg..............##
......................#
......................#
......................#
......................#
..................
.................


You could see 2 gnolls, 2 endoplasms and a hobgoblin.

Vanquished Creatures
  5 adders
  2 gnolls (D:3)
  2 dart slugs (D:2)
  3 ribbon worms (D:2)
  11 endoplasms
  2 giant cockroaches
  8 goblins
  5 hobgoblins
  3 quokkas
  4 ball pythons
  5 bats
  2 frilled lizards
  5 kobolds
  3 rats
60 creatures vanquished.

Notes
Turn   | Place    | Note
-------+----------+-------------------------------------------
     0 | D:1      | Biggs the Coglin Gladiator began the quest for the Orb.
     0 | D:1      | Reached XP level 1. HP: 16/16 MP: 1/1
   127 | D:1      | Reached XP level 2. HP: 17/22 MP: 2/2
   511 | D:2      | Reached skill level 4 in Long Blades
   511 | D:2      | Reached XP level 3. HP: 27/27 MP: 3/3
   630 | D:2      | Reached XP level 4. HP: 12/33 MP: 4/4
   948 | D:2      | Found a shimmering blue altar of Sif Muna.
   954 | D:2      | Reached skill level 5 in Long Blades
  1239 | D:3      | Identified the +0 short sword of Yesterday {freeze, rF+
                  | Dex+2}
  1266 | D:3      | Identified the ring of Ephemeral Luck {Fly Int+7}
  1526 | D:3      | Reached XP level 5. HP: 36/38 MP: 5/5
  1561 | D:3      | Frozen to death by an endoplasm

Illustrated notes

Levels and vault maps discovered:
D:1:      dpeg_arrival_tiny_g, layout_basic
D:2:      layout_loops_cross, basic_altar
D:3:      minmay_chambers_of_threes, layout_basic

Skill      XL: |  1  2  3  4 |
---------------+-------------+-----
Long Blades    | 4 5 |  5.7
Fighting       | |  2.0
Throwing       | |  1.7
Dodging        | |  2.6

Action                     |  1- 3 |  4- 6 || total
---------------------------+-------+-------++-------
  Melee: Long sword        |    67 |    88 ||   155
         Dagger            |    13 |       ||    13
   Stab: Sleeping          |       |     3 ||     3
         Distracted        |       |     1 ||     1
 Armour: Leather armour    |    33 |    35 ||    68
  Dodge: Dodged            |    34 |    21 ||    55

Table legend: (Time is in decaauts)
 A = Elapsed time spent in this place.
 B = Non-inter-level travel time spent in this place.
 C = Inter-level travel time spent in this place.
 D = Time resting spent in this place.
 E = Time spent auto-exploring this place.
 F = Levels seen in this place.
 G = Mean time per level.
                   A        B        C        D        E       F      G
               +--------+--------+--------+--------+--------+-----+--------+
         Total |   1576 |   1538 |     38 |      0 |   1213 |   3 |  525.3 |
       Dungeon |   1576 |   1538 |     38 |      0 |   1213 |   3 |  525.3 |
               +--------+--------+--------+--------+--------+-----+--------+

Top non-repeatable levels by time:
     D:2: 717 daAuts
     D:1: 493 daAuts
     D:3: 365 daAuts
